[Event "Turkish Women-ch Arzum 2022"]
[Site "Ayvalik"]
[Date "2022.03.05"]
[Round "1.23"]
[White "Guleryuz, Zeynep"]
[Black "Buyuk, Ecrin Efsa"]
[Result "0-1"]
[ECO "B12"]
[WhiteElo "1186"]
[BlackElo "1565"]
[Annotator "NA"]
[PlyCount "112"]
[EventDate "2022.03.04"]
[EventType "swiss"]
[EventCountry "TUR"]
[SourceTitle "playchess.com"]
[Source "ChessBase"]
[SourceQuality "1"]
[TimeControl "5400+30"]

1. e4 c6 2. d4 d5 3. e5 Bf5 4. Nf3 e6 5. Bd3 Bxd3 6. Qxd3 Nd7 7. Be3 Ne7 8. Nh4 c5 9. c3 Rc8 10. Na3 Nc6 11. Nf3 Be7 12. O-O O-O 13. Nc2 c4 14. Qd2 f6 15. exf6 Nxf6 16. Ng5 Qd7 17. f3 Bd6 18. Bf4 h6 19. Bxd6 Qxd6 20. Nh3 Nh5 21. Rae1 e5 22. dxe5 Nxe5 23. Nb4 Rfd8 24. Qd4 Nc6 25. Nxc6 bxc6 26. Re5 c5 27. Qe3 Nf6 28. Re6 Qb8 29. Qd2 d4 30. cxd4 cxd4 31. Rd1 c3 32. bxc3 dxc3 33. Qc2 Rxd1+ 34. Qxd1 c2 35. Qc1 Qb1 36. Re1 Rb8 37. Kf2 Qxa2 38. Re2 Rc8 39. Nf4 Qb1 40. Nd3 a5 41. Qa3 c1=Q 42. Nxc1 Rxc1 43. Qxa5 Rf1+ 44. Ke3 Qc1+ 45. Rd2 Re1+ 46. Kd3 Qb1+ 47. Kd4 Qb8 48. Qa2+ Kh8 49. Rb2 Qe5+ 50. Kc4 Qe6+ 51. Kc3 Nd5+ 52. Kd4 Qe5+ 53. Kc4 Rc1+ 54. Kb3 Qb8+ 55. Ka4 Qa7+ 56. Kb5 Rc5# 0-1

[Event "Turkish Women-ch Arzum 2022"]
[Site "Ayvalik"]
[Date "2022.03.05"]
[Round "1.24"]
[White "Kayis, Gulcan Sena"]
[Black "Bodur, Ilke Lal"]
[Result "1-0"]
[ECO "C47"]
[WhiteElo "1597"]
[BlackElo "1151"]
[Annotator "NA"]
[PlyCount "59"]
[EventDate "2022.03.04"]
[EventType "swiss"]
[EventCountry "TUR"]
[SourceTitle "playchess.com"]
[Source "ChessBase"]
[SourceQuality "1"]
[TimeControl "5400+30"]

1. e4 e5 2. Nf3 Nc6 3. Nc3 Nf6 4. Be2 Be7 5. O-O O-O 6. d4 exd4 7. Nxd4 d5 8. exd5 Nxd5 9. Nxc6 bxc6 10. Ne4 Bd6 11. Bf3 Be6 12. Re1 Qd7 13. c4 Ne7 14. Qa4 Rfe8 15. Bg5 Rab8 16. b3 Nc8 17. c5 Be5 18. Rad1 Bd5 19. Rxd5 Qxd5 20. Nf6+ gxf6 21. Bxd5 Bxh2+ 22. Kxh2 Rxe1 23. Bd2 Re2 24. Qg4+ Kf8 25. Bh6+ Ke8 26. Qxe2+ Kd7 27. Qg4+ Ke7 28. Bxc6 Nb6 29. Qe4+ Kd8 30. Qe8# 1-0

[Event "Turkish Women-ch Arzum 2022"]
[Site "Ayvalik"]
[Date "2022.03.05"]
[Round "1.32"]
[White "Tanir, Simay"]
[Black "Ozturk, Busra"]
[Result "1-0"]
[ECO "A65"]
[WhiteElo "1510"]
[BlackElo "1100"]
[Annotator "NA"]
[PlyCount "59"]
[EventDate "2022.03.04"]
[EventType "swiss"]
[EventCountry "TUR"]
[SourceTitle "playchess.com"]
[Source "ChessBase"]
[SourceQuality "1"]
[TimeControl "5400+30"]

1. d4 d6 2. c4 Nf6 3. Nc3 g6 4. e4 Bg7 5. Nge2 O-O 6. f3 c5 7. d5 Nbd7 8. Be3 Ne5 9. Nc1 e6 10. Qd2 Re8 11. Be2 exd5 12. cxd5 a6 13. a4 Bd7 14. O-O Nh5 15. g4 Nf6 16. h3 h5 17. f4 Nexg4 18. hxg4 Bxg4 19. Bd3 Nh7 20. Qf2 Qd7 21. Nb3 Bh3 22. Rfe1 Qg4+ 23. Kh2 Qd7 24. Qg3 Bf6 25. Qxh3 Qxh3+ 26. Kxh3 g5 27. fxg5 Nxg5+ 28. Bxg5 Bxg5 29. Rg1 Re5 30. Nd2 1-0

[Event "Turkish Women-ch Arzum 2022"]
[Site "Ayvalik"]
[Date "2022.03.05"]
[Round "1.33"]
[White "Kum, Busra"]
[Black "Gulceken, Sumeyye"]
[Result "0-1"]
[ECO "B13"]
[WhiteElo "1062"]
[BlackElo "1591"]
[Annotator "NA"]
[PlyCount "72"]
[EventDate "2022.03.04"]
[EventType "swiss"]
[EventCountry "TUR"]
[SourceTitle "playchess.com"]
[Source "ChessBase"]
[SourceQuality "1"]
[TimeControl "5400+30"]

1. e4 c6 2. d4 d5 3. exd5 cxd5 4. Bd3 Nf6 5. c3 e6 6. Nf3 Bd6 7. Bg5 h6 8. Bh4 Nbd7 9. Nbd2 Qb6 10. Qc2 e5 11. dxe5 Nxe5 12. Nxe5 Bxe5 13. Nf3 Bc7 14. Qe2+ Be6 15. Bb5+ Nd7 16. O-O O-O 17. Nd4 Nc5 18. a4 a6 19. a5 Qa7 20. Bd3 Rae8 21. Bb1 Bd7 22. Qc2 g6 23. b4 Ne4 24. f3 Ng5 25. Ba2 Bc6 26. Bf2 Qb8 27. h4 Ne6 28. h5 Nxd4 29. Bxd4 Bh2+ 30. Kh1 Re6 31. g4 Be5 32. Rae1 Bxd4 33. Rxe6 fxe6 34. Qxg6+ Bg7 35. Qxe6+ Kh8 36. Rf2 d4 0-1

[Event "Turkish Women-ch Arzum 2022"]
[Site "Ayvalik"]
[Date "2022.03.06"]
[Round "2.1"]
[White "Atalik, Ekaterina"]
[Black "Kayis, Gulcan Sena"]
[Result "1-0"]
[ECO "D26"]
[WhiteElo "2415"]
[BlackElo "1597"]
[Annotator "NA"]
[PlyCount "61"]
[EventDate "2022.03.04"]
[EventType "swiss"]
[EventCountry "TUR"]
[SourceTitle "playchess.com"]
[Source "ChessBase"]
[SourceQuality "1"]
[TimeControl "5400+30"]

1. d4 Nf6 2. c4 e6 3. Nf3 c5 4. e3 cxd4 5. exd4 d5 6. Nc3 dxc4 7. Bxc4 Be7 8. O-O O-O 9. Re1 Nc6 10. a3 Qa5 11. Be3 a6 12. b4 Qc7 13. Qd3 Rd8 14. Rac1 Bd7 15. Ba2 Be8 16. Ne4 Nd5 17. Neg5 (17. Bd2 $16) 17... g6 18. Qe4 ({White should play} 18. Bd2 $16) 18... h6 {[%emt 0:08:30] [#]} 19. Nxe6 $11 fxe6 20. Bxh6 Bf7 21. Ne5 Nf6 22. Qb1 Rd6 23. Nxg6 Rxd4 24. Rxe6 Rad8 25. Nxe7+ Nxe7 26. Rxc7 Rd1+ 27. Re1 Rxb1 28. Bxb1 Ned5 29. Rxb7 Nc3 30. h3 Nfd5 31. Bg6 1-0

[Event "Turkish Women-ch Arzum 2022"]
[Site "Ayvalik"]
[Date "2022.03.06"]
[Round "2.2"]
[White "Isgenderova, Hayale"]
[Black "Kipik, Feyza"]
[Result "1-0"]
[ECO "B40"]
[WhiteElo "2202"]
[BlackElo "1603"]
[Annotator "NA"]
[PlyCount "95"]
[EventDate "2022.03.04"]
[EventType "swiss"]
[EventCountry "TUR"]
[SourceTitle "playchess.com"]
[Source "ChessBase"]
[SourceQuality "1"]
[TimeControl "5400+30"]

1. e4 c5 2. Nf3 e6 3. b3 b6 4. Bb2 Bb7 5. Bd3 Nc6 6. a3 d6 7. O-O Nf6 8. c4 Be7 9. Nc3 Rg8 10. Qe2 (10. Be2 $11) 10... g5 11. Nd5 g4 ({Much less strong is} 11... exd5 12. exd5 Nd4 13. Nxd4 cxd4 14. Bxd4 $16) 12. Nxe7 Qxe7 13. Ne1 $1 O-O-O 14. f4 e5 15. Nc2 {[%emt 0:06:30] [#]} (15. b4 $11 {remains equal.}) 15... Nd4 (15... Nh5 $1 $17 16. fxe5 Nxe5) 16. Nxd4 exd4 $15 17. e5 Rde8 18. Rae1 Nd7 19. Bxh7 Rg7 20. Bf5 Kb8 21. d3 dxe5 22. Bc1 f6 23. Be4 Bxe4 24. Qxe4 Rh8 25. g3 Rgh7 26. Re2 Rh5 27. fxe5 Nxe5 28. Bf4 a6 29. Bxe5+ fxe5 30. Ref2 R5h7 31. Qxg4 Rg7 32. Qe4 Rhg8 33. Rf5 Re8 34. Kg2 Qb7 35. Re1 Rge7 36. Qxb7+ Kxb7 37. Re4 b5 38. h4 bxc4 39. bxc4 Kb6 40. Rf6+ Re6 41. Rxe6+ Rxe6 42. g4 Ka5 43. g5 Ka4 44. h5 Kxa3 45. g6 Kb3 46. g7 Re8 47. h6 a5 48. h7 1-0

[Event "Turkish Women-ch Arzum 2022"]
[Site "Ayvalik"]
[Date "2022.03.06"]
[Round "2.3"]
[White "Karatiken, Seray"]
[Black "Caglar, Sila"]
[Result "1/2-1/2"]
[ECO "D02"]
[WhiteElo "1717"]
[BlackElo "2200"]
[Annotator "NA"]
[PlyCount "145"]
[EventDate "2022.03.04"]
[EventType "swiss"]
[EventCountry "TUR"]
[SourceTitle "playchess.com"]
[Source "ChessBase"]
[SourceQuality "1"]
[TimeControl "5400+30"]

1. d4 d5 2. Nc3 Nf6 3. Bf4 e6 4. a3 Be7 5. e3 O-O 6. Nf3 c6 7. Bd3 Nbd7 8. h3 b5 9. O-O a5 10. e4 dxe4 11. Nxe4 Ba6 12. Ne5 $14 Qb6 13. Qf3 Bb7 14. Bg5 Rfe8 15. Bxf6 Nxf6 16. Ng5 c5 17. Qf4 Rf8 18. dxc5 Qxc5 19. Ne4 Qd5 20. Nxf6+ Bxf6 21. Nf3 Bxb2 22. Rad1 Qc6 23. Be2 Bxa3 24. Qg3 Rad8 25. Nd4 Rxd4 26. Rxd4 Be7 27. Rfd1 Qxc2 28. Bxb5 Bf6 29. Rd7 Be4 30. Qa3 Bh4 31. R7d2 Qc7 32. Qa4 f5 33. f3 Bxf3 34. gxf3 Qg3+ 35. Rg2 Qxf3 36. Rd3 Qh5 37. Qxa5 Bf6 38. Bc4 Re8 39. Qb6 Ra8 40. Qxe6+ Kh8 41. Re3 f4 42. Re1 f3 43. Qe4 Rd8 44. Rg3 Bh4 45. Rxf3 Bxe1 46. Qe7 Qe8 47. Qxe8+ Rxe8 48. Kg2 Bh4 49. Rf4 Bf6 50. Kf3 Rf8 51. Kg4 g6 52. Re4 Kg7 53. Bb5 h5+ 54. Kg3 Rb8 55. Bc4 Rb2 56. Re3 Bg5 57. Re2 Rb4 58. Rc2 Bf6 59. Bf1 Rb3+ 60. Kf4 g5+ 61. Ke4 Rg3 62. Bg2 Kg6 63. Ra2 h4 64. Rc2 g4 65. hxg4 Rxg4+ 66. Kf3 Rg3+ 67. Kf4 Bg5+ 68. Ke4 Re3+ 69. Kd4 h3 70. Bh1 Kh5 71. Rc3 Re1 72. Rxh3+ Kg4 73. Rh7 1/2-1/2

[Event "Turkish Women-ch Arzum 2022"]
[Site "Ayvalik"]
[Date "2022.03.06"]
[Round "2.4"]
[White "Alagoz, Zumra Meryem"]
[Black "Sahin, Hayrun Nisa"]
[Result "0-1"]
[ECO "C64"]
[WhiteElo "1573"]
[BlackElo "2014"]
[Annotator "NA"]
[PlyCount "81"]
[EventDate "2022.03.04"]
[EventType "swiss"]
[EventCountry "TUR"]
[SourceTitle "playchess.com"]
[Source "ChessBase"]
[SourceQuality "1"]
[TimeControl "5400+30"]

1. e4 e5 2. Nf3 Nc6 3. Bb5 Bc5 4. O-O d6 5. d4 exd4 6. Nxd4 Bd7 7. Nf5 g6 (7... Bxf5 $5 8. exf5 (8. Bxc6+ bxc6 9. exf5 Qf6 $11) 8... Qf6 $11) 8. Ne3 (8. Bxc6 $5 bxc6 9. Nd4 $11) 8... Qh4 ({Black should play} 8... Nf6 $14) 9. Nd5 O-O-O 10. Nbc3 Rf8 $18 ({Black should try} 10... Nge7 $1 $14) 11. Bxc6 bxc6 12. b4 cxd5 13. bxc5 Nf6 14. Nxd5 Nxe4 15. cxd6 Nxd6 16. Bf4 Bb5 17. Re1 Rd8 18. Qf3 Rhe8 19. Qc3 c6 20. Rxe8 Nxe8 21. Bg3 Qe4 22. Ne3 f5 23. Qe5 Qxe5 24. Bxe5 Rd7 25. Rd1 Re7 26. Bf4 Ng7 27. c4 Ba6 28. h3 Ne6 29. Be5 f4 30. Ng4 Bxc4 31. Bf6 Re8 32. Ne5 Bd5 33. Nd3 Rf8 34. Be5 Be4 35. Nc1 Rf5 36. Bd6 Bd5 37. Nd3 Nd4 38. Bc5 Ne2+ 39. Kf1 Nc3 40. Rc1 Bc4 41. Ke1 0-1

[Event "Turkish Women-ch Arzum 2022"]
[Site "Ayvalik"]
[Date "2022.03.06"]
[Round "2.5"]
[White "Kucuk, Aybike"]
[Black "Acarbay, Algi"]
[Result "1/2-1/2"]
[ECO "B27"]
[WhiteElo "1439"]
[BlackElo "1992"]
[Annotator "NA"]
[PlyCount "166"]
[EventDate "2022.03.04"]
[EventType "swiss"]
[EventCountry "TUR"]
[SourceTitle "playchess.com"]
[Source "ChessBase"]
[SourceQuality "1"]
[TimeControl "5400+30"]

1. e4 c5 2. Nf3 g6 3. d4 cxd4 4. Qxd4 Nf6 5. e5 Nc6 6. Qa4 Nd5 7. Qe4 Ndb4 8. Bb5 $1 Bg7 9. Nc3 O-O 10. O-O (10. a3 $11 d5 11. Qe2) 10... d5 11. exd6 $1 Qxd6 12. Bxc6 (12. Bg5 $11 {remains equal.}) 12... Nxc6 13. Be3 Bf5 14. Qa4 Qb4 15. Qxb4 Nxb4 16. Bd4 Nxc2 17. Bxg7 $17 Kxg7 18. Rad1 Rfd8 19. Rxd8 Rxd8 20. a3 Nd4 21. Ne5 f6 22. Nf3 Nxf3+ 23. gxf3 Rd2 24. Re1 Kf7 25. Re2 Rxe2 26. Nxe2 Ke6 27. Nc3 Bd3 28. f4 Kf5 29. Kg2 Be4+ 30. Kg3 Bc6 31. f3 Ke6 32. Kf2 Kd6 33. b4 a6 34. h4 e5 35. fxe5+ Kxe5 36. Ke3 g5 37. hxg5 fxg5 38. Ne2 h5 39. f4+ Kf5 40. fxg5 Kxg5 41. Nd4 Kg4 42. Kf2 h4 43. Kg1 h3 44. Kh2 Bg2 45. a4 Kf4 46. b5 a5 47. b6 Bd5 48. Kxh3 Ke4 49. Nb5 Kd3 50. Kg4 Bc6 51. Nd6 Kc3 52. Kf4 Kb4 53. Ke3 Kxa4 54. Kd2 Kb3 55. Kc1 Ka2 56. Kc2 a4 57. Kc1 a3 58. Kc2 Bd5 59. Nb5 Be4+ 60. Kc3 Bc6 61. Nd4 Be4 62. Nb5 Bc6 63. Nd4 Ba4 64. Nc2 Bd7 65. Kb4 Kb2 66. Nxa3 Bc6 67. Nc4+ Kc2 68. Ne5 Be4 69. Kc5 Kb3 70. Kd6 Kb4 71. Kc7 Kc5 72. Nf7 Bg2 73. Nd6 Kb4 74. Nxb7 Kb5 75. Nd6+ Ka6 76. Nc8 Bb7 77. Na7 Ba8 78. Nc6 Kb5 79. Ne5 Ka6 80. Nc4 Bd5 81. Na3 Ba8 82. Nc2 Ka5 83. Na3 Ka6 1/2-1/2

[Event "Turkish Women-ch Arzum 2022"]
[Site "Ayvalik"]
[Date "2022.03.06"]
[Round "2.6"]
[White "Gokbulut, Yulia"]
[Black "Salt, Ilayda"]
[Result "1-0"]
[ECO "D34"]
[WhiteElo "1902"]
[BlackElo "1594"]
[Annotator "NA"]
[PlyCount "75"]
[EventDate "2022.03.04"]
[EventType "swiss"]
[EventCountry "TUR"]
[SourceTitle "playchess.com"]
[Source "ChessBase"]
[SourceQuality "1"]
[TimeControl "5400+30"]

1. d4 d5 2. c4 e6 3. Nf3 Nf6 4. g3 Be7 5. Bg2 O-O 6. O-O c5 7. cxd5 exd5 8. b3 Nc6 9. Bb2 Be6 10. Nc3 h6 11. Rc1 Rc8 12. e3 a6 ({Black should play} 12... c4 $14) 13. dxc5 Qa5 (13... Bxc5 $16 14. Nxd5 Qxd5) 14. Na4 Ne4 15. a3 Qc7 16. Nd4 Nxd4 17. Bxd4 $18 ({Don't play} 17. Qxd4 $6 Bf6 18. Qb4 a5 $16) 17... Qc6 18. Nb6 Rcd8 19. b4 Bf5 20. f3 Ng5 21. g4 Bg6 22. f4 Ne4 23. f5 Bh7 24. Qa4 Qc7 25. Nxd5 Rxd5 26. Bxe4 Rxd4 27. exd4 Bg5 28. Rcd1 Rd8 29. Qb3 h5 30. Qg3 Qe7 31. Qg2 Rd7 32. Rfe1 hxg4 33. Kh1 Qf6 34. Bxb7 Bxf5 35. Re8+ Kh7 36. Bc8 Rd8 37. Rxd8 Bc2 38. Qxc2+ 1-0

[Event "Turkish Women-ch Arzum 2022"]
[Site "Ayvalik"]
[Date "2022.03.06"]
[Round "2.7"]
[White "Yilmaz, Gokcen"]
[Black "Demirtas, Hafize"]
[Result "1-0"]
[ECO "B13"]
[WhiteElo "1647"]
[BlackElo "1779"]
[Annotator "NA"]
[PlyCount "177"]
[EventDate "2022.03.04"]
[EventType "swiss"]
[EventCountry "TUR"]
[SourceTitle "playchess.com"]
[Source "ChessBase"]
[SourceQuality "1"]
[TimeControl "5400+30"]

1. e4 c6 2. d4 d5 3. exd5 cxd5 4. c4 Nf6 5. Nc3 Nc6 6. Bg5 dxc4 7. Bxc4 Qxd4 8. Qxd4 Nxd4 9. O-O-O e5 10. f4 Bg4 11. Nf3 $1 Bxf3 $11 12. gxf3 O-O-O 13. fxe5 Nxf3 14. Rxd8+ Kxd8 15. Rd1+ Kc8 16. exf6 Nxg5 17. h4 Nf3 18. Bxf7 gxf6 19. Be6+ Kc7 20. Rd7+ Kc6 21. Rf7 Bh6+ 22. Kb1 Nxh4 23. Bd5+ Kc5 24. Bxb7 f5 25. Rc7+ Kd4 26. Nb5+ Ke3 27. Nxa7 f4 28. Rc3+ Kf2 29. Rc6 Bg5 30. Nb5 Rd8 31. Rc2+ Kg3 32. Nc3 f3 33. Ne4+ Kf4 34. Nf2 h6 35. a4 Bf6 36. Rc4+ Rd4 37. Rc6 Be5 38. a5 Kg3 39. Rc2 Bb8 40. Ne4+ Kf4 41. Rc8 Ba7 42. Nf2 Ke3 43. Nh3 Rd1+ 44. Kc2 Rd2+ 45. Kc1 Rh2 46. Re8+ Kd3 47. Nf4+ Kc4 48. Re4+ Kc5 49. Re5+ Kd6 50. Re6+ Kc5 51. Re5+ Kb4 52. Nd3+ Kc4 53. Ba6+ Kd4 54. Re7 Bb8 55. Rd7+ Ke4 56. Re7+ Kf5 57. Rf7+ Kg6 58. Rf8 Ba7 59. Ne5+ Kh5 60. Nxf3 Rh1+ 61. Kc2 Ng2 62. Kb3 Ra1 63. Rf5+ Kg4 64. Bc8 Kg3 65. Nd2 Nh4 66. Ne4+ Kg2 67. Rd5 Nf3 68. Kb4 Re1 69. Nd6 Bf2 70. Bb7 Kg1 71. Rh5 Re3 72. Nc4 Be1+ 73. Kc5 Rb3 74. Bxf3 Rxf3 75. b4 Bf2+ 76. Kb5 Be1 77. Re5 Kf2 78. Ka4 Rf4 79. Kb5 Rf3 80. Kc5 Bc3 81. Rh5 Bg7 82. b5 Bf8+ 83. Kd5 Rd3+ 84. Ke4 Rd8 85. a6 Re8+ 86. Re5 Rc8 87. Rf5+ Kg3 88. Nb6 Re8+ 89. Re5 1-0

[Event "Turkish Women-ch Arzum 2022"]
[Site "Ayvalik"]
[Date "2022.03.06"]
[Round "2.8"]
[White "Can, Isil"]
[Black "Alev, Gonulden Seda"]
[Result "1/2-1/2"]
[ECO "B93"]
[WhiteElo "1875"]
[BlackElo "1561"]
[Annotator "NA"]
[PlyCount "48"]
[EventDate "2022.03.04"]
[EventType "swiss"]
[EventCountry "TUR"]
[SourceTitle "playchess.com"]
[Source "ChessBase"]
[SourceQuality "1"]
[TimeControl "5400+30"]

1. e4 c5 2. Nf3 d6 3. d4 cxd4 4. Nxd4 Nf6 5. Nc3 a6 6. Be2 g6 7. Be3 Bg7 8. O-O O-O 9. a4 Nbd7 10. f4 Qc7 11. a5 b6 12. Nb3 (12. axb6 $11 Nxb6 13. Qd3) 12... b5 13. Bf3 Bb7 14. Qd3 Rac8 15. Rf2 Rfd8 16. Bd4 e5 17. fxe5 $1 Nxe5 18. Bxe5 dxe5 19. Qe3 Bc6 20. Raf1 b4 $17 21. Nd5 Nxd5 22. exd5 Bb5 23. Be2 f5 24. Bxb5 axb5 1/2-1/2

[Event "Turkish Women-ch Arzum 2022"]
[Site "Ayvalik"]
[Date "2022.03.06"]
[Round "2.9"]
[White "Gulceken, Sumeyye"]
[Black "Catal, Uktenur"]
[Result "0-1"]
[ECO "E60"]
[WhiteElo "1591"]
[BlackElo "1832"]
[Annotator "NA"]
[PlyCount "94"]
[EventDate "2022.03.04"]
[EventType "swiss"]
[EventCountry "TUR"]
[SourceTitle "playchess.com"]
[Source "ChessBase"]
[SourceQuality "1"]
[TimeControl "5400+30"]

1. d4 Nf6 2. c4 g6 3. Nf3 Bg7 4. e3 O-O 5. Nbd2 c5 6. Be2 cxd4 7. exd4 d5 8. c5 b6 9. Nb3 Ne4 10. cxb6 axb6 11. O-O Nc6 12. Be3 Bb7 13. a3 Qd6 14. Rc1 Rfc8 15. Bb5 h6 16. Ne1 Qf6 17. f3 $2 (17. Bd3 $15) 17... Nd6 18. Be2 Nf5 19. Bf2 Ncxd4 20. Rxc8+ Rxc8 (20... Bxc8 $2 {loses.} 21. Nxd4 Nxd4 22. Nd3) 21. Nxd4 $19 Nxd4 22. Bd3 Nf5 23. b3 e5 24. Nc2 Bf8 25. b4 d4 26. Re1 Bg7 27. f4 exf4 28. Bxf5 Qxf5 29. Nxd4 Bxd4 30. Qxd4 Qg5 31. g3 fxg3 32. Bxg3 Rd8 33. Qe5 Qg4 34. Qe7 Qd4+ 35. Qe3 Qd5 36. Re2 Rc8 37. Kf1 Ba6 38. Kf2 Bxe2 39. Qxe2 Qf5+ 40. Kg1 Rc1+ 41. Be1 Qg5+ 42. Kf2 Rc8 43. Bd2 Qf5+ 44. Qf3 Qxf3+ 45. Kxf3 Kh7 46. Ke4 Rc2 47. Be3 b5 0-1

[Event "Turkish Women-ch Arzum 2022"]
[Site "Ayvalik"]
[Date "2022.03.06"]
[Round "2.10"]
[White "Akat, Elifnaz"]
[Black "Tanir, Simay"]
[Result "0-1"]
[ECO "C54"]
[WhiteElo "1673"]
[BlackElo "1510"]
[Annotator "NA"]
[PlyCount "78"]
[EventDate "2022.03.04"]
[EventType "swiss"]
[EventCountry "TUR"]
[SourceTitle "playchess.com"]
[Source "ChessBase"]
[SourceQuality "1"]
[TimeControl "5400+30"]

1. e4 e5 2. Nf3 Nc6 3. Bc4 Bc5 4. c3 Nf6 5. d3 a6 6. O-O d6 7. h3 O-O 8. d4 Ba7 9. Bg5 h6 10. Bh4 g5 11. Bg3 Nxe4 12. Bh2 g4 13. hxg4 Bxg4 14. Be2 exd4 15. Nxd4 Bxe2 16. Qxe2 Re8 17. Qd3 Nxd4 18. cxd4 Qf6 19. Nc3 Qxd4 20. Qxd4 Bxd4 21. Nxe4 Rxe4 22. Rac1 Rc8 23. Bxd6 Bxb2 24. Rxc7 Rxc7 25. Bxc7 Ra4 26. Rd1 Rxa2 27. Rd8+ Kg7 28. Bf4 b5 29. Rd2 Ra1+ 30. Kh2 Bc3 31. Rd6 f6 32. Rd7+ Kg6 33. Be3 h5 34. Rd8 b4 35. Rc8 b3 36. Rxc3 b2 37. Bd4 b1=Q 38. Rg3+ Kf7 39. Bxa1 Qxa1 0-1

[Event "Turkish Women-ch Arzum 2022"]
[Site "Ayvalik"]
[Date "2022.03.06"]
[Round "2.11"]
[White "Keskinler, Ela"]
[Black "Gur, Tuba"]
[Result "0-1"]
[ECO "B22"]
[WhiteElo "1400"]
[BlackElo "1750"]
[Annotator "NA"]
[PlyCount "76"]
[EventDate "2022.03.04"]
[EventType "swiss"]
[EventCountry "TUR"]
[SourceTitle "playchess.com"]
[Source "ChessBase"]
[SourceQuality "1"]
[TimeControl "5400+30"]

1. e4 c5 2. c3 d5 3. exd5 Qxd5 4. d4 Nf6 5. Nf3 Bg4 6. Be2 e6 7. O-O Be7 8. Be3 Nbd7 9. h3 Bh5 10. c4 Qd6 11. Nc3 a6 12. Qb3 Bxf3 13. dxc5 Nxc5 14. Bxc5 Qxc5 15. Bxf3 Rb8 16. Qa4+ Kf8 17. Rac1 h5 18. Rfd1 g5 19. Qb3 g4 20. Na4 Qe5 21. Re1 Qf4 22. Be2 Ne4 23. Qe3 Qxe3 24. fxe3 Bh4 25. Rf1 Bg5 26. Rc2 Bxe3+ 27. Kh2 g3+ 28. Kh1 Nf2+ 29. Kg1 Nxh3+ 30. Kh1 Nf2+ 31. Kg1 h4 32. Bf3 h3 33. gxh3 Nxh3+ 34. Kg2 Nf4+ 35. Kxg3 Rh3+ 36. Kg4 f5+ 37. Kg5 Ke7 38. Rc3 Rg8# 0-1

[Event "Turkish Women-ch Arzum 2022"]
[Site "Ayvalik"]
[Date "2022.03.06"]
[Round "2.12"]
[White "Kalayci, Nino"]
[Black "Akar, Nilay"]
[Result "1-0"]
[ECO "D20"]
[WhiteElo "1775"]
[BlackElo "1516"]
[Annotator "NA"]
[PlyCount "71"]
[EventDate "2022.03.04"]
[EventType "swiss"]
[EventCountry "TUR"]
[SourceTitle "playchess.com"]
[Source "ChessBase"]
[SourceQuality "1"]
[TimeControl "5400+30"]

1. d4 d5 2. c4 dxc4 3. e3 e5 4. Bxc4 exd4 5. exd4 Nf6 6. Nf3 Be7 7. O-O O-O 8. h3 Nbd7 9. Nc3 Nb6 10. Bb3 Nfd5 11. Re1 Bf6 12. Ne4 h6 13. a3 c6 14. Bc2 Bf5 15. Ng3 Bxc2 16. Qxc2 Re8 17. Bd2 Qc7 18. Nf5 Nf4 19. Ne5 Nbd5 20. Ng4 Bg5 21. h4 Bf6 22. Nxf6+ Nxf6 23. g3 Ne2+ 24. Kf1 Qd7 25. Rxe2 Qd5 26. Rxe8+ Rxe8 27. Kg1 Ng4 28. Re1 Rxe1+ 29. Bxe1 Qe6 30. Ne3 Nf6 31. Bb4 Ne4 32. Kg2 g5 33. hxg5 hxg5 34. Qc4 Qf6 35. f3 g4 36. Nxg4 1-0

[Event "Turkish Women-ch Arzum 2022"]
[Site "Ayvalik"]
[Date "2022.03.06"]
[Round "2.13"]
[White "Baloglu, Dila"]
[Black "Zengin, Ovgu"]
[Result "1-0"]
[ECO "B42"]
[WhiteElo "1630"]
[BlackElo "1475"]
[Annotator "NA"]
[PlyCount "73"]
[EventDate "2022.03.04"]
[EventType "swiss"]
[EventCountry "TUR"]
[SourceTitle "playchess.com"]
[Source "ChessBase"]
[SourceQuality "1"]
[TimeControl "5400+30"]

1. e4 c5 2. Nf3 e6 3. d4 cxd4 4. Nxd4 a6 5. Bd3 Bc5 6. Nb3 Ba7 7. Qg4 Nf6 8. Qg3 d6 9. Nc3 Nc6 10. a3 Ne5 11. Be2 O-O 12. Bg5 Kh8 13. O-O-O h6 14. h4 Qe7 15. f4 Nc6 16. e5 dxe5 17. fxe5 Qc7 18. Bxf6 gxf6 19. Qf4 Qxe5 20. Qxh6+ Kg8 21. Rh3 Bb8 22. Rf1 f5 23. g4 fxg4 24. Bxg4 Qg7 25. Qe3 Kh8 26. Be2 Ba7 27. Qf3 Qh6+ 28. Kb1 e5 29. Rg3 Be6 30. Rg5 Bxb3 31. Rh5 Bxc2+ 32. Ka1 Qxh5 33. Qxh5+ Bh7 34. Bd3 f5 35. Rxf5 e4 36. Rxf8+ Rxf8 37. Bxe4 1-0

[Event "Turkish Women-ch Arzum 2022"]
[Site "Ayvalik"]
[Date "2022.03.06"]
[Round "2.14"]
[White "Aydogan, Arya"]
[Black "Bese, Irem"]
[Result "1-0"]
[ECO "C11"]
[WhiteElo "1328"]
[BlackElo "1714"]
[Annotator "NA"]
[PlyCount "51"]
[EventDate "2022.03.04"]
[EventType "swiss"]
[EventCountry "TUR"]
[SourceTitle "playchess.com"]
[Source "ChessBase"]
[SourceQuality "1"]
[TimeControl "5400+30"]

1. e4 e6 2. d4 d5 3. Nc3 Nf6 4. e5 Nfd7 5. f4 c5 6. Nf3 Nc6 7. Be3 a6 8. Qd2 b5 9. dxc5 Nxc5 10. Qf2 Nd7 11. Nd4 Bb7 12. Nxc6 Bxc6 13. Bd3 Be7 14. O-O f6 15. Qg3 Bf8 16. Bxh7 Nc5 17. Bg6+ Kd7 18. f5 Kc8 19. fxe6 d4 20. Bf5 Kb7 21. Rad1 fxe5 22. Qxe5 Bd6 23. Qxd4 Rxh2 24. Bh3 Rxh3 25. gxh3 Qe8 26. Rf7+ 1-0

[Event "Turkish Women-ch Arzum 2022"]
[Site "Ayvalik"]
[Date "2022.03.06"]
[Round "2.15"]
[White "Yurdakul, Didem Nuray"]
[Black "Engin, Cagla"]
[Result "1-0"]
[ECO "B06"]
[WhiteElo "1804"]
[BlackElo "1436"]
[Annotator "NA"]
[PlyCount "69"]
[EventDate "2022.03.04"]
[EventType "swiss"]
[EventCountry "TUR"]
[SourceTitle "playchess.com"]
[Source "ChessBase"]
[SourceQuality "1"]
[TimeControl "5400+30"]

1. e4 d6 2. d4 g6 3. Nc3 Bg7 4. Be3 Nd7 5. Qd2 a6 6. Bd3 c5 7. Nce2 b5 8. c3 Bb7 9. a4 c4 10. Bc2 Ngf6 11. Ng3 Ng4 12. f4 ({White should play} 12. Bg5 $11) 12... Nxe3 13. Qxe3 Bh6 (13... e5 $5 ) 14. Nh3 O-O 15. O-O e5 16. Qf2 Bg7 17. f5 ({White should try} 17. fxe5 $15 dxe5 18. d5) 17... exd4 18. cxd4 Qb6 19. Rad1 Nf6 20. Qf4 Rae8 21. Nf2 $11 Nd7 22. Ne2 Nf6 23. g4 h6 24. h4 Nd5 25. Qd2 Nf6 26. Ng3 Rd8 27. g5 hxg5 28. hxg5 Nd7 29. f6 Bh8 30. Ng4 Rfe8 31. Qh2 Ne5 32. Nh6+ Kf8 33. Kg2 Nd3 34. Bxd3 cxd3 35. Nhf5 1-0

[Event "Turkish Women-ch Arzum 2022"]
[Site "Ayvalik"]
[Date "2022.03.06"]
[Round "2.16"]
[White "Acar, Ilayda"]
[Black "Akin, Duru"]
[Result "1-0"]
[ECO "B27"]
[WhiteElo "1460"]
[BlackElo "1563"]
[Annotator "NA"]
[PlyCount "133"]
[EventDate "2022.03.04"]
[EventType "swiss"]
[EventCountry "TUR"]
[SourceTitle "playchess.com"]
[Source "ChessBase"]
[SourceQuality "1"]
[TimeControl "5400+30"]

1. e4 c5 2. Nf3 g6 3. d4 cxd4 4. Qxd4 Nf6 5. Nc3 Nc6 6. Qa4 Bg7 7. e5 Ng8 8. Bf4 Nh6 9. h3 d5 10. Bb5 Bd7 11. Nxd5 a6 12. Rd1 O-O 13. Bxc6 Bxc6 14. Qb3 Qa5+ 15. Qb4 Qxa2 16. Nxe7+ Kh8 17. Nxc6 bxc6 18. Qc3 Rab8 19. b3 Qa3 20. Bg5 Rfe8 21. Ra1 Qb4 22. Qxb4 Rxb4 23. Rxa6 Bxe5 24. O-O Bg7 25. Rxc6 Nf5 26. Rd1 h6 27. Bf6 Re2 28. g4 Bxf6 29. gxf5 Bh4 30. Nxh4 Rxh4 31. fxg6 fxg6 32. Rd7 Rhe4 33. Rxg6 Rxc2 34. Rxh6+ Kg8 35. Rb6 Re8 36. Rbb7 Rce2 37. b4 Rb2 38. b5 Rbe2 39. b6 Rb2 40. Kg2 Rb3 41. f3 Rb1 42. h4 Kh8 43. Rd5 Rg8+ 44. Rg5 Rd8 45. Kf2 Re8 46. Kg3 Rg1+ 47. Kf4 Rf1 48. Rf7 Rb1 49. Rf6 Kh7 50. h5 Rb4+ 51. Kg3 Re1 52. Kf2 Re7 53. Rgg6 Rb2+ 54. Kg3 Re1 55. Rf7+ Kh8 56. Rd6 Rg1+ 57. Kf4 Rb4+ 58. Kf5 Rb5+ 59. Kf6 Rg8 60. b7 Rxh5 61. Ke7 Rh1 62. Kd7 Rh4 63. Kc7 Rc4+ 64. Rc6 Rxc6+ 65. Kxc6 Rg6+ 66. Kc7 Kg8 67. Rd7 1-0